 Dungeon Crawl Stone Soup version 0.19.0-19-g8c6edcc (console) character file.

58201 Kloppie the Bludgeoner (level 14, -24/129 HPs)
             Began as a Demonspawn Berserker on Nov 13, 2016.
             Was the Champion of Trog.
             Killed from afar by an ogre mage (28 damage)
             ... with a bolt of poison
             ... on level 2 of the Orcish Mines.
             The game lasted 00:32:17 (18036 turns).

Kloppie the Bludgeoner (Demonspawn Berserker)      Turns: 18036, Time: 00:32:18

Health: -24/129    AC: 25    Str: 18      XL:     14   Next: 48%
Magic:  0/5        EV:  6    Int:  8 (10) God:    Trog [******]
Gold:   1435       SH:  9    Dex: 19      Spells: 0 memorised, 13 levels left

rFire  x . .     SeeInvis .     a - +6 eveningstar (antimagic)
rCold  + . .     Gourm    .     H - +3 plate armour
rNeg   . . .     Faith    .     e - +0 buckler
rPois  .         Spirit   +     q - +0 helmet
rElec  .         Reflect  +     k - +0 cloak
rCorr  .         Harm     .     d - +0 pair of fencer's gloves {+Riposte Dex+3}
MR     +....                    (no boots)
Stlth  ..........               A - +4 amulet of reflection
                                (no ring)
                                w - ring of ice

@: lethally poisoned (-24 -> -37), slowed, drained, very slow
A: claws 1, iridescent scales 2, powered by death 2, robust 1, magic shield,
magic regeneration, magic link
a: Berserk, Trog's Hand, Brothers in Arms, Burn Spellbooks, Renounce Religion


You were on level 2 of the Orcish Mines.
You worshipped Trog.
Trog was exalted by your worship.
You were near starving.

You visited 3 branches of the dungeon, and saw 18 of its levels.
You also visited: Ice Cave.

You collected 1953 gold pieces.
You spent 518 gold pieces at shops.

Inventory:

Hand Weapons
 a - a +6 antimagic eveningstar (weapon)
 x - a +5 flail of venom
 G - a +3 antimagic great mace
Armour
 d - the +0 pair of fencer's gloves (worn) {+Riposte Dex+3}
   (You bought it in a shop on level 2 of the Orcish Mines)

   It affects your dexterity (+3).
 e - a +0 buckler (worn)
 i - a +2 shield of cold resistance
 k - a +0 cloak (worn)
 q - a +0 helmet (worn)
 H - a +3 plate armour (worn)
Jewellery
 w - a ring of ice (left hand)
 A - a +4 amulet of reflection (around neck)
Scrolls
 f - 2 scrolls of remove curse
 v - 2 scrolls of enchant weapon
 y - 2 scrolls of recharging
 C - 6 scrolls of identify
 M - a scroll of brand weapon
Potions
 l - 4 potions of agility
 o - 5 potions of curing
 p - 4 potions of flight
 r - 2 potions of resistance
 s - a potion of cure mutation
 t - a potion of haste
 B - 5 potions of might
 J - 2 potions of beneficial mutation {unknown}
Comestibles
 b - 10 chunks of flesh
 c - 15 bread rations
 g - 12 meat rations
 h - 12 slices of pizza
 n - 33 fruits
 u - 15 royal jellies
 L - 3 beef jerkies


   Skills:
 + Level 13.2(12.2) Fighting
 + Level 16.1(15.1) Maces & Flails
 - Level 10.3(9.4) Armour
 - Level 1.7(1.0) Dodging
 - Level 4.0(3.2) Shields
   Level 4.6(3.8) Evocations


You had 13 spell levels left.
You didn't know any spells.

Dungeon Overview and Level Annotations

Branches:
Dungeon (11/15)            Temple (0/1) D:4            Lair (5/6) D:9
 Shoals (0/4) Lair:4        Snake (0/4) Lair:2          Orc (2/2) D:10
    Elf (0/3) Orc:2
  Slime: Lair:5-6

Altars:
Dithmenos
Gozag
Hepliaklqana
Makhleb
Nemelex Xobeh
Okawaru
Qazlal
Ru
Sif Muna
Vehumet
The Shining One

Shops:
D:8 (   D:10 :   Orc:1 *   Orc:2 [}

Annotations:
D:3 1 runed door


Innate Abilities, Weirdness & Mutations

You have sharp fingernails.
You are mostly covered in iridescent scales. (AC +4)
You regenerate health from kills.
You are robust. (+10% HP)
When hurt, damage is shared between your health and your magic reserves.
You regenerate magic rapidly.
When low on magic, you restore magic in place of health.


Message History

The ogre mage flickers and vanishes!
Deactivating autopickup; reactivate with Ctrl-A.
The ogre mage casts a spell at you. The crystal spear hits you!
* * * LOW HITPOINT WARNING * * *
You block the ogre mage's attack.
The orc sorcerer shouts!
You feel sick. You block the ogre mage's attack.
You feel much better. You block the ogre mage's attack.
Something hits you but does no damage.
The ogre mage hits you but does no damage.
You feel sick.
The ogre mage gestures at you while chanting.
The crystal spear hits you!
* * * LOW HITPOINT WARNING * * *
You hear some strange, mumbled words.
A bolt of poison appears from out of thin air!
The bolt of poison hits you!
You are lethally poisoned!
You die...

....)..8..§#∩.. #≈..'.
.......)..≈#... #§..'
§§≈≈§≈....§#...##≈..#
§§§####...≈#8...≈≈o)#
≈###......§#......))##
≈#........≈#≈§≈......##
##..≈≈≈.§§≈#####......##
#∩.#####.§≈#####O......##
##..≈≈≈...≈§≈§.#@))..8.≈#
≈#.............'.....#.≈#
≈###......§..8§#...._#≈≈#
≈≈≈###8.≈≈≈§...+..8###§##
≈≈##≈§§§≈≈§≈§.§##..§§
≈#≈≈§§≈§≈≈≈≈≈§≈##≈§§#
#####§≈§§≈##### ####
#######


You could see an ogre mage and an orc sorcerer.

Vanquished Creatures
  A frost giant (IceCv)
  The ghost of Elizilla the Grappler, a journeyman TrMo of Uskayaw (Lair:2)
  Erolcha (Orc:2)
  2 ogre magi (Orc:2)
  Harold (Lair:1)
  8 hydras
  A centaur warrior (D:9)
  A queen ant (Lair:2)
  An unseen horror (D:10)
  2 hill giants (D:10)
  Pikel (D:9)
  5 orc sorcerers (Orc:2)
  A black mamba (Lair:3)
  Maurice (D:9)
  An ice statue (IceCv)
  11 spiny frogs
  7 komodo dragons
  A kobold demonologist (D:10)
  2 rime drakes
  A queen bee (Lair:3)
  13 polar bears (IceCv)
  5 trolls
  23 blink frogs
  2 two-headed ogres
  2 dream sheep (D:9)
  4 hippogriffs
  A wyvern (Lair:5)
  3 basilisks
  56 yaks
  A steam dragon (Lair:3)
  A warg (Orc:1)
  3 nagas (Lair:2)
  8 water moccasins
  16 soldier ants
  8 porcupines
  A black bear (D:9)
  2 ice beasts
  3 phantoms (D:7)
  A slave (D:9)
  7 ogres
  12 orc warriors
  2 sky beasts
  2 necrophages (D:7)
  6 centaurs
  37 wolves
  13 crocodiles
  29 big kobolds
  10 bullfrogs
  4 scorpions
  2 water moccasin skeletons (D:8)
  35 killer bees
  3 wights (D:10)
  An electric eel (Lair:4)
  2 crimson imps
  A bullfrog zombie (D:10)
  A quasit (D:8)
  4 hounds
  8 orc priests
  A centaur skeleton (D:8)
  3 jellies
  A bullfrog skeleton (D:5)
  3 iguanas
  38 worker ants
  32 orc wizards
  A killer bee zombie (D:7)
  A hound zombie (D:8)
  2 hound skeletons
  A worker ant zombie (D:9)
  Robin (D:2)
  4 gnolls (D:7)
  2 howler monkey skeletons (D:8)
  15 adders
  3 river rats (D:9)
  A shadow imp (D:5)
  12 white imps (Lair:1)
  An adder zombie (D:5)
  An adder skeleton (D:5)
  6 worms
  3 dart slugs
  7 leopard geckos
  51 orcs
  12 bats
  5 giant cockroaches
  16 goblins
  13 hobgoblins
  9 jackals
  31 kobolds
  A quokka (D:8)
  3 ball pythons
  5 frilled lizards
  A leopard gecko zombie (D:8)
  2 quokka zombies
  19 rats
689 creatures vanquished.

Vanquished Creatures (others)
  2 centaurs
  9 fungi
  2 plants
13 creatures vanquished.

Grand Total: 702 creatures vanquished

Notes
Turn   | Place    | Note
-------+----------+-------------------------------------------
     0 | D:1      | Kloppie the Demonspawn Berserker began the quest for the Orb.
     0 | D:1      | Reached XP level 1. HP: 18/18 MP: 1/1
   163 | D:1      | Reached skill level 3 in Maces & Flails
   168 | D:1      | Reached skill level 1 in Shields
   168 | D:1      | Gained mutation: When hurt, damage is shared between your health and your magic reserves. [demonic ancestry]
   168 | D:1      | Reached XP level 2. HP: 21/24 MP: 2/2
   419 | D:1      | Found a sparkling altar of Nemelex Xobeh.
   773 | D:2      | Gained mutation: You have sharp fingernails. [demonic ancestry]
   773 | D:2      | Reached XP level 3. HP: 27/29 MP: 1/3
  1025 | D:2      | Noticed Robin
  1040 | D:2      | Killed Robin
  1042 | D:2      | Reached ** piety under Trog
  1056 | D:2      | Gained mutation: You regenerate magic rapidly. [demonic ancestry]
  1056 | D:2      | Reached XP level 4. HP: 20/35 MP: 1/4
  1378 | D:2      | Reached skill level 4 in Maces & Flails
  1980 | D:3      | Gained mutation: You regenerate a little health from kills. [demonic ancestry]
  1980 | D:3      | Reached XP level 5. HP: 32/41 MP: 5/5
  2152 | D:3      | Found a glowing golden altar of the Shining One.
  2192 | D:3      | Found a shadowy altar of Dithmenos.
  2195 | D:3      | Reached *** piety under Trog
  2365 | D:3      | Found a runed door.
  2879 | D:4      | Found a staircase to the Ecumenical Temple.
  2911 | D:4      | Reached XP level 6. HP: 47/47 MP: 6/6
  2939 | D:4      | Reached skill level 5 in Maces & Flails
  3042 | D:4      | Reached XP level 7. HP: 49/53 MP: 4/7
  3199 | D:4      | Reached skill level 6 in Maces & Flails
  3629 | D:5      | Entered Level 5 of the Dungeon
  3781 | D:5      | Reached skill level 5 in Fighting
  4238 | D:6      | Noticed a troll
  4248 | D:6      | Killed a troll
  4248 | D:6      | Reached skill level 7 in Maces & Flails
  4248 | D:6      | Reached XP level 8. HP: 40/64 MP: 3/8
  4580 | D:6      | Reached **** piety under Trog
  5156 | D:7      | Found a glowing golden altar of the Shining One.
  5209 | D:7      | Reached skill level 8 in Maces & Flails
  5389 | D:8      | Reached XP level 9. HP: 27/71 MP: 3/9
  5894 | D:7      | Reached skill level 9 in Maces & Flails
  6033 | D:7      | Reached ***** piety under Trog
  6170 | D:7      | Found a hazy altar of Hepliaklqana.
  6170 | D:7      | Found a faded altar of an unknown god.
  6175 | D:7      | Found a faded altar of an unknown god.
  6177 | D:7      | Found a faded altar of an unknown god.
  6179 | D:7      | Found a faded altar of an unknown god.
  6374 | D:8      | Found Iluadaw's Weapon Emporium.
  6697 | D:8      | Gained mutation: When low on magic, you restore magic in place of health. [demonic ancestry]
  6697 | D:8      | Reached XP level 10. HP: 77/83 MP: 10/10
  6718 | D:8      | Found an opulent altar of Gozag.
  6915 | D:8      | Reached skill level 10 in Maces & Flails
  7104 | D:8      | Found a stormy altar of Qazlal.
  7336 | D:9      | Noticed Maurice
  7504 | D:9      | Killed Maurice
  7504 | D:9      | Reached skill level 10 in Fighting
  7558 | D:9      | Noticed a centaur warrior
  7569 | D:9      | Killed a centaur warrior
  7597 | D:9      | Found a burning altar of Makhleb.
  7713 | D:9      | Found a deep blue altar of Sif Muna.
  7831 | D:9      | Found a sacrificial altar of Ru.
  7857 | D:9      | Noticed Pikel
  7874 | D:9      | Killed Pikel
  7874 | D:9      | Reached skill level 11 in Maces & Flails
  7954 | D:9      | Gained mutation: You are partially covered in iridescent scales. (AC +2) [demonic ancestry]
  7954 | D:9      | Reached XP level 11. HP: 64/92 MP: 11/11
  8003 | D:9      | Reached ****** piety under Trog
  8003 | D:9      | Received a gift from Trog
  8045 | D:9      | Noticed a three-headed hydra
  8056 | D:9      | Killed a three-headed hydra
  8056 | D:9      | Reached skill level 5 in Armour
  8341 | D:9      | Found a staircase to the Lair.
  8428 | D:9      | Found an iron altar of Okawaru.
  8497 | D:10     | Entered Level 10 of the Dungeon
  8497 | D:10     | Noticed a hill giant
  8504 | D:10     | Killed a hill giant
  8518 | D:10     | Killed an unseen horror
  8615 | D:10     | Reached skill level 12 in Maces & Flails
  8662 | D:10     | Noticed a sun demon
  9349 | D:10     | Found Ruchacsoseh's Book Shop.
  9391 | D:10     | Noticed a hill giant
  9409 | D:10     | Killed a hill giant
  9475 | D:10     | Found a staircase to the Orcish Mines.
  9761 | Lair:1   | Entered Level 1 of the Lair of Beasts
  9782 | Lair:1   | Noticed a seven-headed hydra
  9793 | Lair:1   | Killed a seven-headed hydra
  9805 | Lair:1   | Found a frozen archway.
  9848 | IceCv    | Entered an ice cave
  9861 | IceCv    | Gained mutation: You are robust. (+10% HP) [demonic ancestry]
  9861 | IceCv    | Reached XP level 12. HP: 57/108 MP: 9/12
 10146 | IceCv    | Reached skill level 13 in Maces & Flails
 10158 | IceCv    | Received a gift from Trog
 10864 | IceCv    | Noticed a frost giant
 10876 | IceCv    | HP: 6/162 [frost giant/battleaxe of freezing (15)]
 10880 | IceCv    | Killed a frost giant
 11468 | Lair:1   | Noticed an eight-headed hydra
 11482 | Lair:1   | Killed an eight-headed hydra
 11503 | Lair:1   | Noticed Harold
 11548 | Lair:1   | Killed Harold
 11548 | Lair:1   | Reached skill level 14 in Maces & Flails
 11548 | Lair:1   | Reached skill level 10 in Armour
 11953 | Lair:1   | Gained mutation: You are mostly covered in iridescent scales. (AC +4) [demonic ancestry]
 11953 | Lair:1   | Reached XP level 13. HP: 62/114 MP: 11/13
 12441 | Lair:1   | Reached skill level 1 in Evocations
 12442 | Lair:1   | Received a gift from Trog
 12673 | Lair:2   | Noticed Elizilla's ghost (journeyman TrMo)
 12694 | Lair:2   | Killed Elizilla's ghost
 13440 | Lair:2   | Found a staircase to the Snake Pit.
 14261 | Lair:3   | Reached skill level 15 in Maces & Flails
 14626 | Lair:3   | Received a gift from Trog
 15745 | Lair:4   | Found a staircase to the Shoals.
 16134 | Lair:5   | Gained mutation: You regenerate health from kills. [demonic ancestry]
 16134 | Lair:5   | Reached XP level 14. HP: 126/126 MP: 5/17
 17042 | Orc:1    | Entered Level 1 of the Orcish Mines
 17069 | Orc:1    | Received a gift from Trog
 17297 | Orc:1    | Found Wuplop's Whimsical Warehouse.
 17421 | Orc:2    | Entered Level 2 of the Orcish Mines
 17733 | Orc:2    | Reached skill level 16 in Maces & Flails
 17767 | Orc:2    | Found a staircase to the Elven Halls.
 17860 | Orc:2    | Found Bopaqic's Antique Armour Shop.
 17868 | Orc:2    | Paralysed by an ogre mage for 2 turns
 17905 | Orc:2    | Bought the +0 pair of fencer's gloves {+Riposte Dex+3} for 338 gold pieces
 17905 | Orc:2    | Bought a transparent chain mail for 180 gold pieces
 17925 | Orc:2    | Identified the cursed +0 chain mail of Qygat {Str+4} (You bought it in a shop on level 2 of the Orcish Mines)
 17951 | Orc:2    | Found a radiant altar of Vehumet.
 17951 | Orc:2    | Noticed Erolcha
 17964 | Orc:2    | Killed Erolcha
 17966 | Orc:2    | Found Tenumel's Gadget Shop.
 18007 | Orc:2    | Paralysed by an orc sorcerer for 7 turns
 18036 | Orc:2    | HP: 4/129 [ogre mage/crystal spear (32)]
 18036 | Orc:2    | Killed from afar by an ogre mage

Skill      XL: |  1  2  3  4  5  6  7  8  9 10 11 12 13 14 |
---------------+-------------------------------------------+-----
Maces & Flails | 3 4 5 7 8 9 11 12 14 15 16 | 16.1
Shields        | 1 2 3 4 |  4.0
Fighting       | 5 7 9 10 12 13 | 13.2
Armour         | 4 7 10 | 10.3
Evocations     | 4 |  4.6
Dodging        | |  1.7

Action                   |  1- 3 |  4- 6 |  7- 9 | 10-12 | 13-15 || total
-------------------------+-------+-------+-------+-------+-------++-------
Melee: Mace              |   105 |   258 |   107 |       |       ||   470
       Flail             |       |       |   333 |   964 |     3 ||  1300
       Eveningstar       |       |       |       |       |  1021 ||  1021
Invok: Berserk           |     2 |     7 |     5 |    12 |     6 ||    32
       Trog's Hand       |       |       |     2 |     3 |     4 ||     9
Evoke: Wand              |       |       |       |     3 |       ||     3
  Use: Scroll            |       |       |    20 |     9 |     2 ||    31
       Potion            |       |       |     1 |     2 |     1 ||     4
 Stab: Paralysed         |       |       |       |     1 |       ||     1
  Eat: Chunk             |     1 |    15 |    14 |    19 |    21 ||    70
       Bread ration      |       |       |     1 |       |       ||     1
       Meat ration       |       |       |       |     2 |     1 ||     3
Armor: Scale mail        |     3 |       |       |       |       ||     3
       Animal skin       |     3 |       |       |       |       ||     3
       Chain mail        |    50 |   138 |   175 |       |       ||   363
       Plate armour      |       |       |    71 |   758 |   771 ||  1600
Dodge: Dodged            |    37 |    77 |   118 |   297 |   309 ||   838
Block: Buckler           |    16 |    49 |    98 |   496 |   502 ||  1161
       Reflection        |       |       |       |    15 |       ||    15
       Rpst.: Eveningstar |       |       |       |       |     2 ||     2
